 Dungeon Crawl Stone Soup version 0.27-a0-333-gfa571bf19a (webtiles) character file.

Game seed: 13869973555058064574

79 skwiii the Gusty (level 4, 0/24 HPs)
             Began as a Tengu Air Elementalist on Feb 12, 2021.
             Succumbed to an adder's poison
             ... on level 2 of the Dungeon.
             The game lasted 00:10:39 (3396 turns).

skwiii the Gusty (Tengu Air Elementalist)           Turns: 3396, Time: 00:10:39

Health: 0/24       AC:  2    Str:  9    XL:     4   Next: 38%
Magic:  4/9        EV: 13    Int: 16    God:
Gold:   92         SH:  0    Dex: 14    Spells: 0/8 levels left

rFire    . . .     SeeInvis .   (no weapon)
rCold    . . .     Faith    .   (no shield)
rNeg     . . .     Spirit   .   a - +0 robe
rPois    .         Reflect  .   (helmet restricted)
rElec    .         Harm     .   (no cloak)
rCorr    .         Rampage  .   (no gloves)
Will     .....                  (boots unavailable)
Stlth    ++........             (no amulet)
HPRegen  0.08/turn              (no ring)
MPRegen  0.11/turn              (no ring)

@: lethally poisoned (0 -> -5)
A: beak, talons 3
a: no special abilities


You were on level 2 of the Dungeon.
You visited 1 branch of the dungeon, and saw 3 of its levels.

You collected 92 gold pieces.

Inventory:

Missiles
 e - 41 stones
Armour
 a - a +0 robe (worn)
Scrolls
 b - a scroll of enchant armour {unknown}
 c - a scroll of magic mapping
 f - a scroll of teleportation
 g - a scroll of enchant weapon {unknown}
 i - a scroll of blinking {unknown}
Potions
 d - a potion of degeneration {unknown}
 h - a potion of flight {unknown}
 j - a potion of curing {unknown}
 k - 2 potions of attraction {unknown}


   Skills:
 + Level 0.3 Fighting
 + Level 2.6 Dodging
 - Level 2.0 Stealth
 + Level 2.7 Spellcasting
 + Level 2.6 Conjurations
 + Level 5.1 Air Magic


You couldn't memorise any spells.
You knew the following spells:

 Your Spells              Type           Power        Failure   Level
a - Shock                 Conj/Air       56%          4%          1
b - Static Discharge      Conj/Air       14%          12%         3
c - Airstrike             Air            9%           22%         4

Your spell library contained the following spells:

 Spells                   Type           Power        Failure   Level
 Swiftness                Air            18%          3%          2
 Lightning Bolt           Conj/Air       7%           73%         5


Dungeon Overview and Level Annotations

Branches:
Dungeon (3/15)

Altars:


Innate Abilities, Weirdness & Mutations

You have a beak for a mouth.
You have claws for feet.


Message History

The hobgoblin is moderately wounded.
The zap hits the adder.
The adder is severely wounded.
The adder bites you. The adder bites you but does no damage.
Aiming: Shock (safe; 4% risk of failure)
Press: ? - help, Q - select action, (/) - cycle Shift-Dir - straight line, f/p - adder
Aim: an adder (heavily wounded, 47% to evade)
The zap hits the adder.
The adder is severely wounded.
The zap misses the hobgoblin.
The adder bites you.
You are poisoned.
The adder poisons you! The adder bites you.
You feel sick.
You feel sick. The adder bites you.
You feel sick. The adder bites you.
Aiming: Shock (safe; 4% risk of failure)
Press: ? - help, Q - select action, (/) - cycle Shift-Dir - straight line, f/p - adder
Aim: an adder (severely wounded, 47% to evade)
The zap misses the adder.
You feel sick. The adder barely misses you. The adder bites you.
The adder closely misses you.
There is a stone staircase leading up here.
You feel sick. The adder bites you.
* * * LOW HITPOINT WARNING * * *
You climb upwards.
There is a stone staircase leading down here.
The adder bites you.
* * * LOW HITPOINT WARNING * * *
You are lethally poisoned!
The adder poisons you!
* * * LOW HITPOINT WARNING * * *
You feel sick.
* * * LOW HITPOINT WARNING * * *
You feel sick. The adder bites you.
* * * LOW HITPOINT WARNING * * *
You die...

#.#.#.#.# #...........#.# ###.
.###....######.####.####.#.# #.
#.#.#........#.# #.# #.#.# #.
##.#########.#.# #.# #.#.# #.
#..## #.#.# ##.####.#.#####.
##.#.#######.#.###.....).........
..###.....>............)...######
##.#.#########S####.####.###
##.##########..@........#
#.................######
###################


You could see an adder.

Vanquished Creatures
  2 adders (D:2)
  A worm (D:2)
  A leopard gecko (D:1)
  An orc (D:3)
  11 bats
  2 giant cockroaches (D:1)
  4 goblins (D:1)
  7 hobgoblins
  3 jackals (D:2)
  3 quokkas
  A ball python (D:1)
  4 frilled lizards (D:1)
  7 kobolds
  6 rats
53 creatures vanquished.

Notes
Turn   | Place    | Note
-------+----------+-------------------------------------------
     0 | D:1      | skwiii the Tengu Air Elementalist began the quest for the
                  | Orb.
     0 | D:1      | Reached XP level 1. HP: 10/10 MP: 4/4
   304 | D:1      | Reached XP level 2. HP: 15/15 MP: 4/6
  1067 | D:1      | Reached XP level 3. HP: 11/19 MP: 0/7
  1371 | D:1      | Learned a level 3 spell: Static Discharge
  2656 | D:2      | Reached skill level 5 in Air Magic
  2656 | D:2      | Reached XP level 4. HP: 16/24 MP: 2/9
  2766 | D:2      | Learned a level 4 spell: Airstrike
  3395 | D:2      | HP: 1/24 [adder (1)]
  3396 | D:2      | Succumbed to an adder's poison

Illustrated notes

Levels and vault maps discovered:
D:1:      tarquinn_simple_flora_water_a, layout_rooms
D:2:      minmay_evil_eye, layout_loops_ring, nrook_mini_vaults, minivault_11
D:3:      layout_loops_ring, elyvilon_altar_4, lemuel_round_altar,
          grunt_decor_one_mirror, wad_woods_river_04

Skill      XL: |  1  2  3 |
---------------+----------+-----
Conjurations   | 2 |  2.6
Air Magic      | 5 |  5.1
Fighting       | |  0.3
Dodging        | |  2.6
Stealth        | |  2.0
Spellcasting   | |  2.7

Action                   |  1- 3 |  4- 6 || total
-------------------------+-------+-------++-------
Melee: Unarmed           |     1 |       ||     1
       Kick              |     1 |       ||     1
       Peck              |     1 |       ||     1
 Cast: Shock             |   106 |    14 ||   120
  Use: Scroll            |     1 |     1 ||     2
Armor: Robe              |    23 |     2 ||    25
Dodge: Dodged            |    81 |     5 ||    86

Table legend: (Time is in decaauts)
 A = Elapsed time spent in this place.
 B = Non-inter-level travel time spent in this place.
 C = Inter-level travel time spent in this place.
 D = Time resting spent in this place.
 E = Time spent auto-exploring this place.
 F = Levels seen in this place.
 G = Mean time per level.
                   A        B        C        D        E       F      G
               +--------+--------+--------+--------+--------+-----+--------+
         Total |   3395 |   3329 |     66 |   1570 |    723 |   3 | 1131.7 |
       Dungeon |   3395 |   3329 |     66 |   1570 |    723 |   3 | 1131.7 |
               +--------+--------+--------+--------+--------+-----+--------+

Top non-repeatable levels by time:
     D:2: 1848 daAuts
     D:1: 1473 daAuts
     D:3: 74 daAuts
